 Dungeon Crawl Stone Soup version 0.30-a0-1074-g5db6f66fbb (webtiles) character file.

Game seed: 3365564042141788553

725 Arzdou the Caller (level 7, -8/48 HPs)
             Began as a Merfolk Summoner on Apr 13, 2023.
             Was an Initiate of Ashenzari.
             Mangled by a gnoll
             ... wielding a +0 halberd
              (13 damage)
             ... on level 5 of the Dungeon.
             The game lasted 00:16:09 (6056 turns).

Arzdou the Caller (Merfolk Summoner)                Turns: 6056, Time: 00:16:09

Health: -8/48      AC:  2    Str: 14    XL:     7   Next: 71%
Magic:  11/13      EV: 13    Int: 16    God:    Ashenzari [......]
Gold:   264        SH:  0    Dex: 15    Spells: 5/14 levels left

rFire   + . .      SeeInvis .    g - +0 spear
rCold   . . .      Faith    .    (no shield)
rNeg    . . .      Spirit   .    a - +0 robe of Ashenzari's Oblivion {Fort, Cun} (curse)
rPois   .          Reflect  .    (no helmet)
rElec   .          Rampage  .    (no cloak)
rCorr   .                        (no gloves)
Will    .....                    (no boots)
Stlth   ++                       (no amulet)
HPRegen 0.28/turn                h - ring of protection from fire
MPRegen 0.13/turn                o - +6 ring of strength

@: weak-willed
A: (nimble swimmer 2), mertail
a: Renounce Religion, Curse Item, Shatter the Chains


You were on level 5 of the Dungeon.
You worshipped Ashenzari.
Ashenzari was noncommittal.
You visited 1 branch of the dungeon, and saw 6 of its levels.

You collected 264 gold pieces.

Inventory:

Hand Weapons
 f - a +0 dagger
 g - a +0 spear (weapon)
 p - a +0 halberd
Armour
 a - the cursed +0 robe of Ashenzari's Oblivion (worn) {Fort, Cun}

   It has a curse which improves the following skills: Fortitude: Armour and
   Shields.
   Cunning:   Dodging and Stealth.
Jewellery
 h - a ring of protection from fire (left hand)
 o - a +6 ring of strength (right hand)
Wands
 q - a wand of roots (17)
 v - a wand of flame (7)
 y - a wand of mindburst (12)
Scrolls
 c - 2 scrolls of fog {unknown}
 d - 2 scrolls of teleportation {unknown}
 e - 3 scrolls of magic mapping {unknown}
 i - a scroll of vulnerability
 j - a scroll of noise {unknown}
 k - 5 scrolls of identify {unknown}
 u - 3 scrolls of silence {unknown}
 x - a scroll of enchant weapon {unknown}
Potions
 b - a potion of magic
 l - 2 potions of might {unknown}
 m - a potion of flight {unknown}
 n - a potion of cancellation {unknown}
 r - a potion of degeneration {unknown}
 s - a potion of attraction {unknown}
 t - 2 potions of curing {unknown}
 w - a potion of heal wounds
 z - a potion of brilliance {unknown}
 A - a potion of invisibility {unknown}


   Skills:
 + Level 1.3 Fighting
 * Level 3.9 Polearms
 + Level 3.4(3.8) Dodging
 + Level 3.0(3.3) Stealth
 + Level 4.1 Spellcasting
 * Level 7.0 Summonings


You had 5 spell levels left.
You knew the following spells:

 Your Spells              Type           Power      Damage    Failure   Level
a - Summon Small Mammal   Summ           100%       N/A       1%          1
b - Call Imp              Summ           50%        N/A       1%          2
c - Call Canine Familiar  Summ           25%        N/A       2%          3
d - Summon Guardian Gole  Hex/Summ       14%        N/A       12%         3

Your spell library contained the following spells:

 Spells                   Type           Power      Damage    Failure   Level
 Kiss of Death            Conj/Necr      12%        2d6       17%         1
 Summon Lightning Spire   Summ/Air       14%        N/A       36%         4
 Confusing Touch          Hex            3%         N/A       45%         3
 Dazzling Flash           Conj/Hex       6%         N/A       45%         3
 Gell's Gravitas          Tloc           3%         N/A       45%         3
 Teleport Other           Tloc           3%         N/A       45%         3
 Dispel Undead            Necr           3%         3d7       86%         4
 Agony                    Necr           3%         N/A       99%         5
 Silence                  Hex/Air        1%         N/A       99%         5
 Dispersal                Tloc           1%         N/A       100%        6


Dungeon Overview and Level Annotations

Branches:
Dungeon (6/15)
 Temple: D:4-7

Altars:
Ashenzari
Kikubaaqudgha

Shops:
D:1 ?

Annotations:
D:5 1 runed translucent door, Arzdou's ghost, novice OpTm


Innate Abilities, Weirdness & Mutations

((You are very nimble when in or above water. (Stealth+, EV+, Speed+++)))
Your lower body shifts to a powerful aquatic tail in water.


Message History

You see here a +0 mace.
k - 5 scrolls labelled DALLUQ BUNOE (gained 1)
Press: ? - help, v - describe, . - travel, g - get item Item here: 13 gold pieces.
Some shallow water.
You have 264 gold pieces.
Could not explore, unopened runed door.
You see here 4 stones.
There is a stone staircase leading down here.
You climb downwards.
There is a stone staircase leading up here.
The gnoll shouts! x3
The gnoll misses you. The gnoll closely misses you.
You climb upwards.
Level annotation: 1 runed translucent door, Arzdou's ghost, novice OpTm
There is a stone staircase leading down here.
You climb downwards.
The gnoll barely misses you. The gnoll hits you with a +0 halberd!
A wight comes into view. It is wielding a +4 flail.
The gnoll closely misses you.
There is a stone staircase leading up, spattered with blood here.
The gnoll hits you with a +0 halberd! The gnoll barely misses you.
The gnoll hits you with a +0 flail.
You climb upwards.
Level annotation: 1 runed translucent door, Arzdou's ghost, novice OpTm
There is a stone staircase leading down here.
Casting: Call Canine Familiar (dangerous; 2% risk of failure)
Confirm with . or Enter, or press ? or * to list all spells.
A tiny devil pulls itself out of the air.
The gnoll hits you with a +0 flail. The gnoll barely misses you.
The gnoll hits you from afar with a +0 halberd!
* * * LOW HITPOINT WARNING * * *
The gnoll misses you. The gnoll hits you with a +0 halberd!
* * * LOW HITPOINT WARNING * * *
The gnoll closely misses you.
Your cerulean imp hits the gnoll with a -2 spear.
As you read the scroll labelled YNGEP QAON, it crumbles to dust.
Magic quickly surges around you.
It was a scroll of vulnerability.
The gnoll barely misses you. The gnoll hits you with a +0 halberd!
You die...

##.## ###.. #...#
#.. #...# ###
#...# # ##.##
#######.#
#5g.....##########
#g####............
#@# ##......#####
#g# #...........
#.# #......#####
##.# #...........
#..# #.##..######
#.## #.##(.# #.#
#.##..# #.#
#.##..### #.#
#.##....#


You could see 3 gnolls and a friendly cerulean imp (summoned, weak-willed).

Vanquished Creatures
  A black bear (D:4)
  A jelly (D:5)
  An orc wizard (D:3)
  2 iguanas
  3 adders
  An ufetubus (D:5)
  A worm (D:4)
  2 orcs (D:3)
  3 bats (D:1)
  An endoplasm (D:2)
  A giant cockroach (D:2)
  A goblin (D:1)
  3 hobgoblins
  2 jackals (D:2)
  A kobold (D:3)
  A quokka (D:2)
  2 ball pythons
  2 frilled lizards
  A rat (D:3)
30 creatures vanquished.

Vanquished Creatures (collateral kills)
  A centaur (D:5)
  A phantom (D:5)
  A jelly (D:5)
  A hound (D:2)
  Ijyb (D:4)
  Natasha (thrice) (D:4)
  2 orc wizards (D:3)
  An adder (D:5)
  5 gnolls
  4 orcs
  A ball python (D:4)
  5 endoplasms
  2 giant cockroaches
  A goblin (D:3)
  2 hobgoblins (D:1)
  3 jackals (D:5)
  3 kobolds
  4 quokkas
  A bat (D:3)
  2 frilled lizards
  3 rats
47 creatures vanquished.

Grand Total: 77 creatures vanquished

Notes
Turn   | Place    | Note
-------+----------+-------------------------------------------
     0 | D:1      | Arzdou the Merfolk Summoner began the quest for the Orb.
     0 | D:1      | Reached XP level 1. HP: 13/13 MP: 3/3
   326 | D:1      | Reached XP level 2. HP: 19/19 MP: 1/5
   543 | D:1      | Found Baplinec's Magic Scroll Shoppe.
  1084 | D:2      | Reached XP level 3. HP: 12/24 MP: 2/6
  1090 | D:1      | Learned a level 2 spell: Call Imp
  1094 | D:1      | Learned a level 3 spell: Call Canine Familiar
  1345 | D:2      | Found a faded altar of an unknown god.
  2185 | D:2      | Reached XP level 4. HP: 30/30 MP: 2/7
  2196 | D:2      | Reached skill level 5 in Summonings
  2414 | D:3      | Reached skill level 1 in Polearms
  2553 | D:3      | Reached XP level 5. HP: 36/36 MP: 4/9
  2620 | D:3      | Found an ancient bone altar of Kikubaaqudgha.
  2650 | D:3      | Found a broken altar of Ashenzari.
  2657 | D:3      | Became a worshipper of Ashenzari the Shackled
  3695 | D:4      | Noticed Natasha
  3711 | D:4      | Killed Natasha
  3712 | D:4      | Reached XP level 6. HP: 35/42 MP: 6/10
  3823 | D:4      | Noticed Natasha
  3829 | D:4      | Killed Natasha
  4007 | D:4      | Noticed Natasha
  4025 | D:4      | Killed Natasha
  4187 | D:4      | Noticed Ijyb
  4206 | D:4      | Killed Ijyb
  4207 | D:4      | Reached skill level 6 in Summonings
  4328 | D:4      | Noticed a black bear
  4377 | D:4      | Killed a black bear
  4378 | D:4      | Reached skill level 1 in Fighting
  4378 | D:4      | Reached XP level 7. HP: 39/48 MP: 5/12
  4531 | D:4      | Learned a level 3 spell: Summon Guardian Golem
  4843 | D:5      | Entered Level 5 of the Dungeon
  4987 | D:5      | Found a runed translucent door.
  4988 | D:5      | Noticed Arzdou's ghost (novice OpTm)
  5616 | D:5      | Reached skill level 7 in Summonings
  6056 | D:5      | Mangled by a gnoll

Illustrated notes

Levels and vault maps discovered:
D:1:      tekkud_arrival_beachfront_property, layout_loops_ring, serial_shops,
          nicolae_shop_stone
D:2:      layout_basic, hellmonk_ecumenical_altar_leap_of_faith,
          cheibrodos_gnoll_hut
D:3:      layout_basic, mainiacjoe_overflow_two_lobes
D:4:      layout_cave_pods, serial_park, serial_park_square2,
          serial_park_avenue1, serial_park_avenue1, serial_park_tiny_pond,
          serial_park_tiny_pond, kennysheep_doodads, minmay_misc_feat_columns,
          uniq_natasha, uniq_ijyb
D:5:      layout_loops_ring, ebering_ghost_reflecting_pool
D:6:      layout_basic, serial_shops, nicolae_shop_trees, grunt_ministairs_14

Skill      XL: |  1  2  3  4  5  6  7 |
---------------+----------------------+-----
Dodging        | 3 |  3.4
Summonings     | 5 6 7 |  7.0
Polearms       | 1 2 3 |  3.9
Spellcasting   | 3 4 |  4.1
Fighting       | 1 |  1.3
Stealth        | 3 |  3.0

Action                     |  1- 3 |  4- 6 |  7- 9 || total
---------------------------+-------+-------+-------++-------
  Melee: Unarmed           |    54 |       |       ||    54
         Punch             |     1 |     1 |     1 ||     3
         Spear             |    41 |    87 |    52 ||   180
         Dagger            |     4 |       |       ||     4
   Cast: Summon Small Mamm |    36 |    15 |     3 ||    54
         Call Imp          |     7 |    16 |     9 ||    32
         Call Canine Famil |     2 |    18 |     9 ||    29
 Invoke: Curse Item        |       |     1 |       ||     1
    Use: Scroll            |       |       |     1 ||     1
   Stab: Distracted        |     2 |     1 |     2 ||     5
         Sleeping          |     2 |     1 |       ||     3
 Armour: Robe              |    21 |     5 |     5 ||    31
  Dodge: Dodged            |    88 |    24 |    52 ||   164

Table legend: (Time is in decaauts)
 A = Elapsed time spent in this place.
 B = Non-inter-level travel time spent in this place.
 C = Inter-level travel time spent in this place.
 D = Time resting spent in this place.
 E = Time spent auto-exploring this place.
 F = Levels seen in this place.
 G = Mean time per level.
                   A        B        C        D        E       F      G
               +--------+--------+--------+--------+--------+-----+--------+
         Total |   6066 |   5882 |    184 |      0 |   4958 |   6 | 1011.0 |
       Dungeon |   6066 |   5882 |    184 |      0 |   4958 |   6 | 1011.0 |
               +--------+--------+--------+--------+--------+-----+--------+

Top non-repeatable levels by time:
     D:2: 1290 daAuts
     D:4: 1250 daAuts
     D:3: 1250 daAuts
     D:5: 1205 daAuts
     D:1: 1065 daAuts
     D:6: 4 daAuts
